 Dungeon Crawl Stone Soup version 0.29-a0-1006-g0dd7720b37 (webtiles) character file.

Game seed: 12882549029992854686

2179 vurker the Cutter (level 9, -7/47 HPs)
             Began as a Vine Stalker Enchanter on Aug 6, 2022.
             Was a Follower of Makhleb.
             Mangled by an orc warrior
             ... wielding a +0 broad axe
              (8 damage)
             ... in a bailey.
             The game lasted 00:12:22 (6698 turns).

vurker the Cutter (Vine Stalker Enchanter)          Turns: 6698, Time: 00:12:23

Health: -7/47      AC:  9    Str: 15    XL:     9   Next: 33%
Magic:  0/13       EV: 13    Int: 21    God:    Makhleb [*.....]
Gold:   595        SH:  0    Dex: 15    Spells: 12/12 levels left

rFire   . . .      SeeInvis .   i - +3 dagger (speed)
rCold   . . .      Faith    .   (no shield)
rNeg    + . .      Spirit   +   q - +2 leather armour {Will+}
rPois   .          Reflect  .   g - +1 helmet
rElec   .          Harm     .   (no cloak)
rCorr   +          Rampage  .   (no gloves)
Will    ++...                   (no boots)
Stlth   ++........              p - amulet of Ewuzxoy {RegenMP rCorr}
HPRegen 0.95/turn               f - +6 ring of intelligence
MPRegen 0.53/turn               r - ring of positive energy

@: lethally poisoned (-7 -> -12)
A: fangs 3, regeneration 1, magic shield, antimagic bite, no potion heal 2,
iridescent scales 1
a: Renounce Religion


You were in a bailey.
You worshipped Makhleb.
Makhleb was aware of your devotion.
You visited 2 branches of the dungeon, and saw 8 of its levels.
You also visited: Sewer and Bailey.

You collected 667 gold pieces.
You spent 72 gold pieces at shops.

Inventory:

Hand Weapons
 i - a +3 dagger of speed (weapon)
   (You took it off an orc wizard on level 5 of the Dungeon)
Armour
 d - a +0 troll leather armour {Pargi}
   (You found it in a sewer)
 g - a +1 helmet (worn)
   (You found it on level 1 of the Dungeon)
 h - a +0 cloak
   (You found it on level 5 of the Dungeon)
 q - a +2 leather armour of willpower (worn)
   (You took it off an orc on level 6 of the Dungeon)
Jewellery
 f - a +6 ring of intelligence (left hand)
   (You found it on level 1 of the Dungeon)
 p - the amulet of Ewuzxoy (around neck) {RegenMP rCorr}
   (You found it on level 6 of the Dungeon)

   [amulet of magic regeneration]

   It increases your rate of magic regeneration.
   rCorr:     It protects you from acid and corrosion.
 r - a ring of positive energy (right hand)
   (You found it on level 7 of the Dungeon)
Scrolls
 e - 9 scrolls of identify
 k - a scroll of fog
 o - 3 scrolls of enchant armour
Potions
 a - 2 potions of lignification
 c - 2 potions of invisibility
 j - 2 potions of flight
 m - 3 potions of resistance
 n - 2 potions of haste
 s - a potion of curing


   Skills:
 + Level 5.0 Fighting
 * Level 7.5 Short Blades
 + Level 3.0 Armour
 + Level 3.5 Dodging
 - Level 3.6 Stealth
 - Level 2.1 Spellcasting
 - Level 3.0 Hexes
 + Level 3.5 Invocations


You had 12 spell levels left.
You didn't know any spells.
Your spell library contained the following spells:

 Spells                   Type           Power      Damage    Failure   Level
 Slow                     Hex            56%        N/A       5%          1
 Ensorcelled Hibernation  Hex/Ice        16%        N/A       14%         2
 Confusing Touch          Hex            14%        N/A       16%         3
 Tukima's Dance           Hex            14%        N/A       16%         3
 Foxfire                  Conj/Fire      8%         2x1d4     19%         1
 Sandblast                Erth           4%         2d4       19%         1
 Passwall                 Tmut/Erth      1%         N/A       26%         2
 Sublimation of Blood     Necr           2%         N/A       26%         2
 Dazzling Flash           Conj/Hex       16%        N/A       28%         3
 Inner Flame              Hex/Fire       8%         N/A       28%         3
 Conjure Flame            Conj/Fire      2%         6-21      47%         3
 Stone Arrow              Conj/Erth      4%         3d7       47%         3
 Fulminant Prism          Conj/Hex       4%         3d6       67%         4
 Flame Wave               Conj/Fire      2%         2d4       87%         4
 Yara's Violent Unravell  Hex/Tmut       4%         3d4       95%         5
 Borgnjor's Revivificati  Necr           1%         N/A       100%        8
 Infestation              Necr           1%         N/A       100%        8


Dungeon Overview and Level Annotations

Branches:
Dungeon (7/15)             Temple (1/1) D:5           Sewer (visited)
 Bailey (1/1)

Altars:
Cheibriados
Dithmenos
Kikubaaqudgha
Makhleb
Nemelex Xobeh
Okawaru
Ru
Uskayaw
Vehumet
Wu Jian
Yredelemnul
Zin

Shops:
D:3 ?

Annotations:
D:5 1 runed translucent door, t4s4d4r's ghost, novice MeTm


Innate Abilities, Weirdness & Mutations

You have razor-sharp teeth.
Your natural rate of healing is unusually fast.
When hurt, damage is shared between your health and your magic reserves.
Your bite disrupts and absorbs the magic of your enemies.
Potions cannot restore your health.
You are partially covered in iridescent scales. (AC +2)


Message History

Your unstable footing causes you to fumble your attack.
The orc warrior shouts!
You hit the orc warrior but do no damage.
Your bite misses the orc warrior.
The orc warrior hits you with a +0 broad axe.
Your unstable footing causes you to fumble your attack.
The kobold brigand hits you with a +0 war axe.
You hit the orc warrior but do no damage.
Your bite misses the orc warrior.
The kobold brigand splashes around in the water.
You hit the orc warrior. The orc warrior barely misses you.
You barely miss the orc warrior. Your bite misses the orc warrior.
The kobold brigand hits you with a +0 war axe.
An orc warrior comes into view. It is wielding a +0 broad axe.
Your unstable footing causes you to fumble your attack.
The kobold brigand splashes around in the water.
The orc warrior hits you with a +0 broad axe!!
* * * LOW HITPOINT WARNING * * *
Unknown command.
Aim: an orc warrior, wielding a +0 broad axe, wearing a +0 scale mail and quivering atropa-tipped darts (moderately wounded, chance to affect: 49%)
The orc warrior resists with some effort.
The orc warrior shouts!
The now-empty wand crumbles to dust.
The kobold brigand misses you. x2
The orc warrior hits you with a +0 broad axe!
* * * LOW HITPOINT WARNING * * *
You aren't carrying any items that you can evoke.
Your unstable footing causes you to fumble your attack.
The kobold brigand hits you with a +0 war axe.
* * * LOW HITPOINT WARNING * * *
Unknown command.
Unknown command.
You aren't carrying any items that you can evoke.
As you read the scroll of teleportation, it crumbles to dust.
You feel strangely unstable. The kobold brigand closely misses you.
The orc warrior closely misses you.
The kobold brigand hits you but does no damage.
The orc warrior attacks as you move away!
The orc warrior barely misses you.
The kobold brigand attacks as you move away!
The kobold brigand misses you.
Your surroundings seem slightly different.
The kobold brigand throws a poisoned dart.
The poisoned dart hits you!
You are poisoned.
The kobold brigand throws a poisoned dart.
The poisoned dart barely misses you.
The orc warrior hits you with a +0 war axe!
* * * LOW HITPOINT WARNING * * *
The orc warrior hits you with a +0 broad axe!
You die...

#∩..)..∩# ##.....##
####'''####
##~.......~##
#####~~.......~~#####
#....~~.......~~....#
#.###~~.......~~###.#
#....~~..o....~~....#
#.###~~.o@....~~###.#
#....~~Ko.....~~....#
#.###~K.......~~###.#
#...§~~...)...~~....#
#.###~~.))(...~~###.#
#....~~.(.(...~~....#
#####~~.......~~#####
##~...(.).~##
####((.####


You could see 3 orc warriors and 2 kobold brigands.

Vanquished Creatures
  2 water moccasins
  Pargi (Sewer)
  A sky beast (D:4)
  A black bear (D:6)
  An orc warrior (Bailey)
  An ice beast (D:6)
  An ogre (D:5)
  A phantom (D:5)
  2 necrophages (D:5)
  5 kobold brigands
  A scorpion (D:6)
  3 hounds
  2 jellies (D:5)
  5 orc priests
  9 orc wizards
  4 gnolls
  9 adders
  3 shadow imps
  2 white imps
  An ufetubus (D:6)
  2 worms
  3 dart slugs
  17 orcs
  4 ball pythons
  3 endoplasms
  5 giant cockroaches
  13 goblins
  14 hobgoblins
  2 jackals (D:3)
  19 kobolds
  3 quokkas (D:4)
  5 bats
  4 frilled lizards
  6 rats
155 creatures vanquished.

Notes
Turn   | Place    | Note
-------+----------+-------------------------------------------
     0 | D:1      | vurker the Vine Stalker Enchanter began the quest for the
                  | Orb.
     0 | D:1      | Reached XP level 1. HP: 9/9 MP: 4/4
   231 | D:1      | Reached skill level 1 in Short Blades
   470 | D:1      | Reached XP level 2. HP: 14/14 MP: 6/6
   522 | D:1      | Found a faded altar of an unknown god.
  1069 | D:2      | Got the Parchment of Enthralling Metal
  1087 | D:2      | Reached skill level 1 in Fighting
  1087 | D:2      | Reached skill level 2 in Short Blades
  1146 | D:2      | Reached XP level 3. HP: 18/18 MP: 7/7
  1546 | D:2      | Gained mutation: You are partially covered in iridescent
                  | scales. (AC +2) [potion of mutation]
  1546 | D:2      | Gained mutation: You do not regenerate when monsters are
                  | visible. [potion of mutation]
  1547 | D:2      | HP: 1/27 [poisoned by an adder]
  2106 | D:2      | Lost mutation: You do not regenerate when monsters are
                  | visible. [Vine Stalker growth]
  2106 | D:2      | Gained mutation: Your natural rate of healing is unusually
                  | fast. [Vine Stalker growth]
  2106 | D:2      | Reached XP level 4. HP: 22/22 MP: 8/8
  2271 | D:2      | Reached skill level 3 in Short Blades
  2562 | D:3      | Reached XP level 5. HP: 18/26 MP: 7/9
  2632 | D:3      | HP: 1/26 [something (3)]
  2758 | D:3      | Found Fycoup's Magic Scroll Shop.
  2762 | D:3      | Bought 3 scrolls of identify for 72 gold pieces
  2797 | D:3      | Reached skill level 4 in Short Blades
  3077 | D:3      | Reached XP level 6. HP: 32/32 MP: 10/10
  3100 | D:3      | Got the Folio of Grisly Beguiling
  3594 | D:4      | Found a glowing drain.
  3598 | Sewer    | Entered a sewer
  3618 | Sewer    | Noticed Pargi
  3622 | Sewer    | Killed Pargi
  3623 | Sewer    | Reached skill level 5 in Short Blades
  3808 | D:4      | Noticed a sky beast
  3812 | D:4      | Killed a sky beast
  3813 | D:4      | Reached XP level 7. HP: 36/36 MP: 11/11
  3897 | D:4      | Found an ornate altar of the Wu Jian Council.
  4189 | D:5      | Entered Level 5 of the Dungeon
  4319 | D:5      | Found a staircase to the Ecumenical Temple.
  4357 | Temple   | Entered the Ecumenical Temple
  4383 | Temple   | Became a worshipper of Makhleb the Destroyer
  4405 | D:5      | Found a runed translucent door.
  4410 | D:5      | Noticed t4s4d4r's ghost (novice MeTm)
  4488 | D:5      | Reached skill level 1 in Armour
  4555 | D:5      | Reached skill level 1 in Invocations
  4581 | D:5      | Reached skill level 6 in Short Blades
  4600 | D:5      | Gained mutation: You have razor-sharp teeth. [Vine Stalker
                  | growth]
  4600 | D:5      | Reached XP level 8. HP: 35/42 MP: 9/12
  5693 | D:6      | Found a basalt altar of Yredelemnul.
  5693 | D:6      | Found a faded altar of an unknown god.
  5700 | D:6      | Found a shadowy altar of Dithmenos.
  5705 | D:6      | Found an iron altar of Okawaru.
  5707 | D:6      | Found a radiant altar of Vehumet.
  5849 | D:6      | Identified the amulet of Ewuzxoy {RegenMP rCorr}
  5892 | D:6      | Reached skill level 7 in Short Blades
  6297 | D:7      | Found an ancient bone altar of Kikubaaqudgha.
  6320 | D:6      | Reached * piety under Makhleb
  6369 | D:6      | Reached XP level 9. HP: 42/46 MP: 11/13
  6453 | D:7      | Found a flagged portal.
  6473 | Bailey   | Entered a bailey
  6653 | Bailey   | Reached skill level 5 in Fighting
  6698 | Bailey   | HP: 1/47 [orc warrior/+0 war axe (9)]
  6698 | Bailey   | Mangled by an orc warrior

Illustrated notes

Levels and vault maps discovered:
D:1:      lightli_arrival_flooded_house, layout_basic,
          ebering_ecumenical_altar_sacrificial
D:2:      layout_loops_ring, st_stairs_2
D:3:      layout_basic, serial_shops, shop, minmay_misc_feat_doors,
          st_stairs_14, saegor_snake_ambush
D:4:      layout_loops_ring, nzn_wu_jian_contemplation, gup_sewer_entry_spiral
D:5:      layout_loops_corners, temple_pool_b, ebering_ghost_reflecting_pool
D:6:      layout_basic, chequers_temple_overflow_minitemple
D:7:      layout_cave_pools, mainiacjoe_overflow_brackets, serial_column_ruins,
          column_ruins_open_tiny, column_ruins_columns_dead_end,
          column_ruins_corridor_straight, column_ruins_columns_corner,
          column_ruins_open_tiny, column_ruins_open_small,
          column_ruins_corridor_water, gammafunk_ghost_smash, enter_bailey_4
Temple:   nicolae_temple_god_jail
Bailey:   bailey_axe_3, bailey

Skill      XL: |  1  2  3  4  5  6  7  8  9 |
---------------+----------------------------+-----
Short Blades   | 1 2 3 4 5 6 7 |  7.5
Fighting       | 1 2 3 4 5 |  5.0
Armour         | 1 2 3 |  3.0
Dodging        | 2 3 |  3.5
Invocations    | 1 2 3 |  3.5
Stealth        | |  3.6
Spellcasting   | |  2.1
Hexes          | |  3.0

Action                   |  1- 3 |  4- 6 |  7- 9 || total
-------------------------+-------+-------+-------++-------
Melee: Dagger            |    85 |   263 |   375 ||   723
       Bite              |    22 |    49 |   113 ||   184
       Punch             |     1 |       |     6 ||     7
Evoke: Wand              |       |       |     1 ||     1
  Use: Potion            |     4 |       |     1 ||     5
       Scroll            |       |    16 |     2 ||    18
 Stab: Sleeping          |     9 |     9 |    11 ||    29
       Distracted        |       |     1 |       ||     1
Armor: Robe              |    18 |    73 |       ||    91
       Troll leather arm |       |       |    31 ||    31
       Leather armour    |       |       |    61 ||    61
Dodge: Dodged            |    39 |   102 |   104 ||   245

Table legend: (Time is in decaauts)
 A = Elapsed time spent in this place.
 B = Non-inter-level travel time spent in this place.
 C = Inter-level travel time spent in this place.
 D = Time resting spent in this place.
 E = Time spent auto-exploring this place.
 F = Levels seen in this place.
 G = Mean time per level.
                   A        B        C        D        E       F      G
               +--------+--------+--------+--------+--------+-----+--------+
         Total |   6504 |   6196 |    308 |    135 |   4625 |  10 |  650.4 |
       Dungeon |   6135 |   5838 |    297 |    135 |   4438 |   7 |  876.4 |
        Temple |     38 |     27 |     11 |      0 |     15 |   1 |   38.0 |
         Sewer |    140 |    140 |      0 |      0 |     91 |   1 |  140.0 |
        Bailey |    189 |    189 |      0 |      0 |     80 |   1 |  189.0 |
               +--------+--------+--------+--------+--------+-----+--------+

Top non-repeatable levels by time:
     D:2: 1344 daAuts
     D:5: 1020 daAuts
     D:1: 1004 daAuts
     D:6: 978 daAuts
     D:3: 914 daAuts
     D:4: 777 daAuts
  Bailey: 189 daAuts
   Sewer: 140 daAuts
     D:7: 95 daAuts
  Temple: 38 daAuts
